 Dungeon Sprint DCSS version 0.27.1-33-g824d729ab1 (webtiles) character file.

Game seed: 647365461593161678

1260 manyhoops the Cleaver (level 8, 0/68 HPs)
             Began as a Deep Dwarf Berserker on Nov 28, 2021.
             Was an Elder of Trog.
             Slain by a centaur warrior (7 damage)
             ... in the Dungeon (Sprint I: "Red Sonja").
             The game lasted 00:02:32 (472 turns).

manyhoops the Cleaver (Deep Dwarf Berserker)         Turns: 472, Time: 00:02:32

Health: 0/68       AC:  4    Str: 24    XL:     8   Next: 27%
Magic:  3/3        EV: 12    Int:  7    God:    Trog [****..]
Gold:   410        SH:  0    Dex: 12    Spells: 7/7 levels left

rFire    . . .     SeeInvis .   a - +0 hand axe
rCold    . . .     Faith    .   (no shield)
rNeg     . . .     Spirit   .   i - +0 leather armour
rPois    .         Reflect  .   (no helmet)
rElec    .         Harm     .   (no cloak)
rCorr    .         Rampage  .   (no gloves)
Will     +....     NoTele   +   (no boots)
Stlth    +.........             (no amulet)
HPRegen  0.00/turn              (no ring)
MPRegen  0.08/turn              (no ring)

@: no status effects
A: damage resistance, heal wounds, sense surroundings 1, no regeneration
a: Heal Wounds, Renounce Religion, Berserk, Trog's Hand, Brothers in Arms


You were in the Dungeon.
You worshipped Trog.
Trog was greatly pleased with you.
You visited 1 branch You collected 410 gold pieces.

Inventory:

Hand Weapons
 a - a +0 hand axe (weapon)
Armour
 b - a +0 animal skin
 i - a +0 leather armour (worn)
Scrolls
 j - 2 scrolls of fog {unknown}
Potions
 c - a potion of curing
 e - a potion of haste
 f - 2 potions of magic
 g - a potion of berserk rage


   Skills:
 - Level 2.6 Fighting
 + Level 14.2 Axes
 - Level 13.5 Armour
 - Level 2.1 Dodging


You had 7 spell levels left.
You didn't know any spells.
Your spell library was empty.

Dungeon Overview and Level Annotations

Branches:
Dungeon (1/1)

Altars:
Cheibriados
Dithmenos
Elyvilon
Fedhas
Gozag
Hepliaklqana
Kikubaaqudgha
Makhleb
Nemelex Xobeh
Okawaru
Qazlal
Ru
Sif Muna
Trog
Uskayaw
Vehumet
Wu Jian
Xom
Yredelemnul
Zin
The Shining One
Jiyva
Lugonu

Shops:
D (


Innate Abilities, Weirdness & Mutations

You are resistant to damage.
You can heal yourself by infusing magical energy.
You passively map a small area around you.
You do not regenerate.


Message History

The centaur warrior wields a +0 shortbow.
The centaur warrior shoots an arrow.
The arrow hits you!!
The centaur warrior shoots an arrow.
The arrow hits you!
* * * LOW HITPOINT WARNING * * *
There is an open door, spattered with blood here.
You see here 19 stones.
You close the door.
Something unseen opens the door.
You feel much better.
You fail to use your ability.
The centaur warrior unwields a +0 shortbow.
The centaur warrior hits you. The centaur warrior kicks you.
The centaur warrior shoots an arrow.
The arrow hits you!!
* * * LOW HITPOINT WARNING * * *
Your magical essence is drained by the effort!
You feel much better. The centaur warrior hits you!
The centaur warrior kicks you.
The centaur warrior shoots an arrow.
The arrow barely misses you. The centaur warrior barely misses you.
The centaur warrior kicks you.
The centaur warrior wields a +0 shortbow.
The centaur warrior shoots an arrow.
The arrow hits you!
* * * LOW HITPOINT WARNING * * *
You see here a +0 pair of gloves.
Unknown command.
Your magical essence is drained by the effort!
You feel much better.
The centaur warrior shoots an arrow.
The arrow closely misses you.
The centaur warrior shoots an arrow.
The arrow hits you!!
* * * LOW HITPOINT WARNING * * *
The centaur warrior unwields a +0 shortbow.
The centaur warrior hits you!
* * * LOW HITPOINT WARNING * * *
The centaur warrior kicks you.
* * * LOW HITPOINT WARNING * * *
The centaur warrior unwields a +0 longbow.
The centaur warrior hits you.
* * * LOW HITPOINT WARNING * * *
The centaur warrior kicks you.
* * * LOW HITPOINT WARNING * * *
The centaur warrior hits you!
You die...

.#..)..#).'..#__#..'...#,
.').#..'))#..'..'..#K.3#*
.#####'#####'#__####543+
, *
.####..#...#§####§§#####
,+ .#__####..##.#≈§§§c#
.#_____##'#_.'≈§§§§+, *,
^ ^ ,
⌠#_.∩...'.§.§#§§§.c# * +
##_..__##_.#'##c####
#_____###+#)#§c@[# * , ^
*####### * ####+### * , ,
, + ,+ + , * * + * *, * *
, , * , * +* * , * , , ,
*


You could see 2 centaur warriors.

Vanquished Creatures
  2 kobold demonologists (D)
  A slime creature (D)
  Sigmund (D)
  A yak (D)
  A floating eye (D)
  An ogre (D)
  A jelly (D)
  Ijyb (D)
9 creatures vanquished.

Notes
Turn   | Place    | Note
-------+----------+-------------------------------------------
     0 | D        | manyhoops the Deep Dwarf Berserker began the quest for the
                  | Orb.
     0 | D        | Reached XP level 1. HP: 20/20 MP: 1/1
     1 | D        | Noticed Ijyb
    20 | D        | Killed Ijyb
    21 | D        | Reached skill level 7 in Axes
    21 | D        | Reached XP level 2. HP: 9/27 MP: 2/2
    50 | D        | Noticed an ogre
    56 | D        | Killed an ogre
    57 | D        | Reached skill level 10 in Axes
    57 | D        | Reached XP level 3. HP: 17/33 MP: 3/3
    57 | D        | Reached XP level 4. HP: 21/40 MP: 4/4
    98 | D        | Noticed Sigmund
   106 | D        | Killed Sigmund
   106 | D        | Reached ** piety under Trog
   107 | D        | Reached XP level 5. HP: 14/46 MP: 5/5
   107 | D        | Reached XP level 6. HP: 17/55 MP: 6/6
   155 | D        | Found an ornate altar of the Wu Jian Council.
   155 | D        | Found a shimmering blue altar of Sif Muna.
   157 | D        | Found a radiant altar of Vehumet.
   162 | D        | Reached skill level 10 in Armour
   198 | D        | Found Dylek's Weapon Emporium.
   198 | D        | Found an ancient bone altar of Kikubaaqudgha.
   198 | D        | Found a hazy altar of Hepliaklqana.
   198 | D        | Found a stormy altar of Qazlal.
   198 | D        | Found a hide-covered altar of Uskayaw.
   198 | D        | Found a blossoming altar of Fedhas.
   198 | D        | Found a bloodstained altar of Trog.
   198 | D        | Found an iron altar of Okawaru.
   198 | D        | Found a basalt altar of Yredelemnul.
   198 | D        | Found a glowing golden altar of the Shining One.
   198 | D        | Found a snail-covered altar of Cheibriados.
   198 | D        | Found a sacrificial altar of Ru.
   198 | D        | Found a glowing silver altar of Zin.
   198 | D        | Found a shadowy altar of Dithmenos.
   198 | D        | Found a white marble altar of Elyvilon.
   198 | D        | Noticed a yak
   206 | D        | Killed a yak
   207 | D        | Found an opulent altar of Gozag.
   208 | D        | Found a sparkling altar of Nemelex Xobeh.
   254 | D        | Found a burning altar of Makhleb.
   254 | D        | Found a viscous altar of Jiyva.
   254 | D        | Found a shimmering altar of Xom.
   254 | D        | Found a corrupted altar of Lugonu.
   254 | D        | Noticed a slime creature
   266 | D        | Killed a slime creature
   266 | D        | Reached *** piety under Trog
   267 | D        | Reached XP level 7. HP: 22/61 MP: 7/7
   331 | D        | Noticed a kobold demonologist
   332 | D        | Noticed a kobold demonologist
   333 | D        | Paralysed by a floating eye for 4 turns
   334 | D        | Noticed an orange demon
   339 | D        | Reached skill level 11 in Axes
   354 | D        | Noticed a sixfirhy
   355 | D        | Noticed a ynoxinul
   423 | D        | Killed a kobold demonologist
   424 | D        | Reached skill level 13 in Axes
   437 | D        | Killed a kobold demonologist
   437 | D        | Reached **** piety under Trog
   438 | D        | Reached skill level 14 in Axes
   438 | D        | Reached XP level 8. HP: 31/68 MP: 5/5
   459 | D        | Noticed a centaur warrior
   460 | D        | Noticed a centaur warrior
   472 | D        | Slain by a centaur warrior

Illustrated notes

Levels and vault maps discovered:
D:        dungeon_sprint_1 [red_sonja_temple_1, red_sonja_temple_small_1]

Skill      XL: |  1  2  3  4  5  6  7 |
---------------+----------------------+-----
Axes           | 7 10 14 | 14.2
Armour         | 9 13 | 13.5
Fighting       | |  2.6
Dodging        | |  2.1

Action                   |  1- 3 |  4- 6 |  7- 9 || total
-------------------------+-------+-------+-------++-------
Melee: Hand axe          |    22 |    26 |    48 ||    96
Invok: Berserk           |     2 |     4 |     2 ||     8
       Trog's Hand       |       |       |     1 ||     1
 Abil: Heal Wounds       |       |     1 |     9 ||    10
  Use: Potion            |       |       |     2 ||     2
       Scroll            |       |       |     1 ||     1
Armor: Animal skin       |     2 |       |       ||     2
       Leather armour    |       |     2 |    35 ||    37
Dodge: Dodged            |     6 |     7 |    69 ||    82
